 Dungeon Crawl Stone Soup version 0.27.1-4-g1640c2035a (webtiles) character file.

Game seed: 11173631626020550916

11 FreshCat the Skirmisher (level 2, -13/25 HPs)
             Began as a Palentonga Fighter on Nov 2, 2021.
             Mangled by a goblin (19 damage)
             ... on level 1 of the Dungeon.
             The game lasted 00:03:00 (540 turns).

FreshCat the Skirmisher (Palentonga Fighter)         Turns: 540, Time: 00:03:01

Health: -13/25     AC:  6    Str: 19    XL:     2   Next: 13%
Magic:  2/2        EV:  5    Int:  8    God:
Gold:   30         SH:  8    Dex:  9    Spells: 1/1 levels left

rFire    . . .     SeeInvis +   a - +0 flail
rCold    . . .     Faith    .   c - +0 kite shield
rNeg     . . .     Spirit   .   b - +0 scale mail
rPois    .         Reflect  .   (no helmet)
rElec    .         Harm     .   (no cloak)
rCorr    .         Rampage  .   (no gloves)
Will     .....                  (no barding)
Stlth    ..........             (no amulet)
HPRegen  0.08/turn              (no ring)
MPRegen  0.08/turn              (no ring)

@: no status effects
A: large, rugged brown scales 3, see invisible, deformed body, roll 1, armoured
tail
a: Rolling Charge


You were on level 1 of the Dungeon.
You visited 1 branch of the dungeon, and saw 2 of its levels.

You collected 30 gold pieces.

Inventory:

Hand Weapons
 a - a +0 flail (weapon)
Missiles
 e - 23 stones
Armour
 b - a +0 scale mail (worn)
 c - a +0 kite shield (worn)
Scrolls
 f - a scroll of magic mapping {unknown}
 h - a scroll of identify {unknown}
 i - a scroll of teleportation {unknown}
Potions
 d - a potion of might
 g - a potion of mutation {unknown}


   Skills:
 + Level 3.2 Fighting
 + Level 2.1 Maces & Flails
 + Level 2.5 Armour
 + Level 2.6 Shields


You had one spell level left.
You didn't know any spells.
Your spell library was empty.

Dungeon Overview and Level Annotations

Branches:
Dungeon (2/15)

Altars:


Innate Abilities, Weirdness & Mutations

You are completely covered in rugged brown scales. (AC +3, +7% HP)
You have supernaturally acute eyesight. (SInv)
Armour fits poorly on your strangely shaped body.
You can roll at nearby foes to attack.
You have a long armoured tail.


Message History

g - an amethyst potion A rat comes into view.
You block the rat's attack.
You sock the rat!
You kill the rat!
No target in view!
Found 17 gold pieces.
Found a scroll labelled KEAZYGH NOIMA.
You now have 25 gold pieces (gained 12).
h - a scroll labelled KEAZYGH NOIMA You now have 30 gold pieces (gained 5).
Found a scroll labelled YDGHIU ISCHUOH.
Found a long glowing staff.
i - a scroll labelled YDGHIU ISCHUOH
Found a stone staircase leading down.
Found a stone staircase leading down.
A ball python comes into view.
Roll where?
Press: ? - help, Q - select action, (/) - cycle Dir - move target, f - ball python
Aim: a ball python You roll forward with a clatter of scales!
A goblin comes into view.
It is wielding a +0 dagger of electrocution.
Found 9 gold pieces and 24 bolts.
You barely miss the ball python.
The goblin shouts!
The ball python barely misses you. You block the goblin's attack.
The ball python barely misses you.
You sock the ball python!
You kill the ball python!
You block the goblin's attack.
The goblin hits you with a +0 dagger of electrocution.
You are electrocuted!
Ouch! That really hurt!
You are too injured to fight recklessly!
You are too injured to fight recklessly!
You barely miss the goblin.
The goblin hits you with a +0 dagger of electrocution.
* * * LOW HITPOINT WARNING * * *
You are electrocuted!!
Ouch! That really hurt!
You die...

#############
#..>#........
#.†@>....#
#..g#.##$#
##(##.# ###.
#.# |.. #.#
##.##.#
.#.#.#######
# #.........
##
##.#######...


You could see a goblin.

Vanquished Creatures
  2 ball pythons (D:1)
  A bat (D:1)
  3 endoplasms
  A quokka (D:1)
  2 kobolds (D:1)
  A rat (D:1)
10 creatures vanquished.

Notes
Turn   | Place    | Note
-------+----------+-------------------------------------------
     0 | D:1      | FreshCat the Palentonga Fighter began the quest for the
                  | Orb.
     0 | D:1      | Reached XP level 1. HP: 19/19 MP: 1/1
   392 | D:2      | Reached XP level 2. HP: 25/25 MP: 2/2
   540 | D:1      | Mangled by a goblin

Illustrated notes

Levels and vault maps discovered:
D:1:      saegor_arrival_simple_d, layout_loops_ring,
          chequers_serial_rivers_small_b
D:2:      layout_basic, minmay_fractal_squares_gapless_5, uniq_natasha

Action                   || total
-------------------------++-------
Melee: Flail             ||    26
       Tailslap          ||     1
 Abil: Rolling Charge    ||     2
Armor: Scale mail        ||    16
Dodge: Dodged            ||     6
Block: Kite shield       ||    16
